Map: [TLMC19] Anomaly Found

Players

Nice - Winner!

  • Race: Protoss Protoss
  • Spawn Location: 11:00

BlyOnFire (Bly)

  • Race: Zerg Zerg
  • Spawn Location: 5:00

VOD

Have the link to the VOD?

Description

Time

  • Played on: Dec. 19, 2023, 8:35 a.m.
  • Length: 24:43
Show
View Real Time Build Order
Export as new Build Order

Nice Protoss - Winner!

Build Orders: 1 Gate Expand, Carriers 

Get SALT Encoding   

  12  0:00  Probe  
  13  0:12  Probe  
  14  0:21  Pylon  
  14  0:24  Probe  
  15  0:39  Probe (Chrono Boost)  
  15  0:41  Gateway  
  17  0:50  Assimilator, Probe (Chrono Boost)  
  17  0:55  Probe (Chrono Boost)  
  18  1:05  Probe  
  19  1:17  Probe  
  20  1:28  Cybernetics Core  
  20  1:34  Nexus  
  20  1:41  Pylon  
  20  1:48  Assimilator  
  20  1:49  Probe  
  21  2:02  Adept (Chrono Boost)  
  21  2:03  Gateway  
  23  2:11  Shield Battery  
  23  2:14  Probe  
  24  2:24  Adept (Chrono Boost)  
  26  2:31  Probe  
  26  2:43  Probe  
  27  2:47  Probe  
  30  2:53  Stalker  
  30  2:55  Probe  
  31  2:59  Probe  
  31  3:03  Stargate  
  31  3:04  Warp Gate  
  32  3:07  Probe  
  33  3:14  Gateway  
  33  3:16  Probe (Chrono Boost)  
  33  3:19  Probe (Chrono Boost)  
  36  3:28  Probe (Chrono Boost)  
  36  3:34  Probe x2 (Chrono Boost)  
  37  3:40  Probe  
  38  3:42  Probe  
  43  3:52  Probe  
  45  3:59  Void Ray (Chrono Boost), Probe  
  46  4:04  Nexus  
  46  4:08  Pylon  
  46  4:23  Pylon  
  46  4:25  Oracle (Chrono Boost), Pylon  
  46  4:26  Probe x2  
  48  4:41  Probe x2  
  48  4:53  Probe x2  
  48  4:55  Assimilator, Oracle (Chrono Boost)  
  48  4:57  Assimilator, Stargate  
  53  5:03  Pylon  
  53  5:05  Probe  
  54  5:07  Nexus  
  54  5:08  Pylon  
  54  5:12  Probe  
  55  5:16  Forge  
  55  5:17  Adept x2, Probe  
  59  5:24  Probe  
  60  5:29  Probe  
  64  5:35  Oracle (Chrono Boost)  
  64  5:37  Probe  
  64  5:40  Oracle (Chrono Boost)  
  64  5:42  Shield Battery, Probe  
  66  5:48  Shield Battery, Pylon  
  66  5:49  Probe  
  70  5:54  Probe  
  71  6:01  Probe  
  72  6:05  Shield Battery  
  72  6:07  Photon Cannon  
  72  6:08  Photon Cannon  
  72  6:09  Oracle (Chrono Boost)  
  75  6:13  Oracle (Chrono Boost)  
  78  6:19  Stalker x2  
  78  6:25  Photon Cannon  
  80  6:39  Oracle  
  80  6:40  Photon Cannon  
  80  6:41  Shield Battery  
  80  6:44  Shield Battery  
  80  6:45  Shield Battery  
  80  6:46  Stalker  
  80  6:52  Stalker  
  80  7:07  Oracle  
  79  7:14  Stalker  
  81  7:16  Oracle (Chrono Boost)  
  81  7:18  Stalker  
  86  7:35  Shield Battery  
  86  7:36  Shield Battery  
  84  7:38  Pylon  
  84  7:39  Stalker  
  84  7:41  Oracle (Chrono Boost)  
  84  7:42  Pylon  
  89  7:44  Stalker  
  89  7:45  Photon Cannon  
  89  7:47  Photon Cannon  
  91  7:55  Oracle (Chrono Boost)  
  94  7:58  Shield Battery  
  94  8:00  Shield Battery  
  94  8:02  Shield Battery  
  94  8:06  Stalker  
  94  8:07  Stalker  
  94  8:12  Photon Cannon  
  98  8:15  Photon Cannon  
  98  8:33  Oracle x2 (Chrono Boost)  
  88  8:50  Stalker  
  88  8:51  Stalker  
  92  8:56  Nexus, Pylon  
  86  9:02  Oracle  
  84  9:20  Oracle (Chrono Boost)  
  81  9:36  Probe  
  82  9:39  Assimilator  
  82  9:41  Shield Battery  
  82  9:42  Probe (Chrono Boost)  
  82  9:43  Assimilator  
  82  9:44  Photon Cannon  
  82  9:45  Pylon  
  86  9:47  Oracle (Chrono Boost)  
  86  9:48  Probe (Chrono Boost), Photon Cannon  
  87  9:54  Oracle (Chrono Boost), Fleet Beacon, Probe (Chrono Boost)  
  87  9:58  Probe (Chrono Boost)  
  92  10:00  Probe (Chrono Boost)  
  92  10:03  Probe (Chrono Boost)  
  94  10:09  Probe  
  95  10:17  Oracle (Chrono Boost)  
  98  10:25  Stalker x2  
  102  10:28  Shield Battery  
  102  10:32  Shield Battery, Photon Cannon  
  102  10:33  Photon Cannon  
  102  10:38  Tempest (Chrono Boost)  
  107  10:50  Shield Battery  
  107  10:51  Shield Battery  
  107  10:54  Shield Battery  
  112  10:57  Tempest (Chrono Boost)  
  112  11:02  Stalker x2  
  116  11:08  Protoss Air Weapons Level 1  
  108  11:14  Tempest (Chrono Boost)  
  113  11:21  Shield Battery  
  113  11:23  Shield Battery  
  113  11:26  Shield Battery  
  99  11:54  Tempest (Chrono Boost)  
  101  12:05  Photon Cannon  
  101  12:06  Shield Battery, Photon Cannon  
  101  12:09  Pylon  
  101  12:11  Pylon  
  101  12:20  Pylon  
  101  12:23  Pylon  
  101  12:24  Tempest (Chrono Boost)  
  109  12:31  Stargate  
  109  12:35  Mothership (Chrono Boost)  
  109  12:42  Pylon  
  109  12:54  Adept x2  
  110  13:04  Probe  
  98  13:08  Probe  
  90  13:19  Probe (Chrono Boost)  
  89  13:20  Adept x2  
  89  13:25  Probe (Chrono Boost)  
  91  13:32  Probe (Chrono Boost)  
  91  13:33  Carrier (Chrono Boost)  
  93  13:34  Probe (Chrono Boost)  
  93  13:40  Probe  
  112  13:43  Carrier (Chrono Boost)  
  112  13:44  Probe  
  112  13:46  Carrier (Chrono Boost), Probe  
  114  13:52  Probe  
  115  13:56  Probe, Pylon  
  115  13:59  Probe  
  117  14:04  Robotics Facility, Protoss Air Weapons Level 2 (Chrono Boost)  
  117  14:05  Probe  
  117  14:08  Probe  
  114  14:11  Probe  
  114  14:12  Sentry  
  114  14:17  Probe  
  115  14:22  Photon Cannon  
  115  14:23  Probe  
  116  14:25  Probe  
  114  14:33  Probe  
  114  14:35  Probe  
  114  14:37  Probe  
  117  14:45  Probe  
  118  14:47  Probe  
  118  14:49  Probe  
  118  14:51  Sentry x2  
  124  14:57  Probe, Carrier (Chrono Boost)  
  125  15:06  Observer (Chrono Boost)  
  132  15:17  Adept  
  126  15:37  Adept x2  
  132  15:47  Carrier (Chrono Boost)  
  125  16:02  Carrier (Chrono Boost)  
  129  16:23  Twilight Council  
  129  16:27  Nexus, Pylon  
  129  16:35  Shield Battery  
  130  16:48  Observer (Chrono Boost)  
  130  16:51  Protoss Air Weapons Level 3 (Chrono Boost)  
  130  16:57  Shield Battery, Probe x3  
  133  17:03  Photon Cannon  
  133  17:04  Pylon  
  133  17:10  Unknown  
  133  17:11  Pylon  
  133  17:12  Probe  
  133  17:22  Carrier  
  138  17:27  Templar Archives  
  138  17:29  Carrier  
  144  17:33  Photon Cannon  
  144  17:35  Photon Cannon  
  144  17:36  Probe x2  
  144  18:02  Psionic Storm  
  144  18:03  Carrier (Chrono Boost)  
  150  18:06  Gateway x2  
  150  18:13  High Templar  
  150  18:14  High Templar  
  153  18:30  Archon  
  153  18:32  Carrier x2 (Chrono Boost)  
  159  18:46  High Templar x2  
  160  18:50  Photon Cannon  
  160  18:51  Shield Battery  
  160  18:56  Photon Cannon  
  160  19:03  Shield Battery  
  160  19:05  High Templar x2  
  152  19:28  Photon Cannon  
  152  19:29  High Templar x2  
  152  19:30  Photon Cannon  
  162  19:40  Mothership (Chrono Boost)  
  153  20:25  Photon Cannon  
  153  20:26  Photon Cannon  
  153  20:27  Pylon  
  153  20:32  High Templar x4  
  153  20:35  Charge (Chrono Boost)  
  161  20:37  Nexus  
  161  20:39  Archon x2  
  161  20:43  Protoss Air Armor Level 1 (Chrono Boost), Immortal  
  162  20:58  Photon Cannon  
  162  21:05  Probe x3  
  162  21:07  Probe  
  162  21:11  Protoss Ground Weapons Level 1  
  166  21:12  Shield Battery  
  166  21:15  High Templar x2  
  170  21:24  Photon Cannon  
  170  21:25  Archon  
  170  21:29  Probe x2  
  172  21:47  Probe x2  
  172  21:50  Pylon  
  172  21:51  Pylon  
  172  21:53  Pylon  
  170  21:56  Photon Cannon  
  170  22:00  Stalker x2  
  171  22:11  Stalker x2  
  129  22:38  High Templar x4  
  129  22:40  Carrier (Chrono Boost)  
  129  22:42  Archon x2  
  131  22:53  Immortal (Chrono Boost)  
  133  23:30  Pylon  
  133  23:45  Zealot x2  
  131  24:24  Stalker x3  
Show
View Real Time Build Order
Export as new Build Order

BlyOnFire Zerg 

Build Orders: Pool First 

Get SALT Encoding   

  12  0:00  Drone  
  13  0:12  Overlord  
  13  0:16  Drone  
  14  0:30  Drone x2  
  16  0:40  Spawning Pool  
  15  0:44  Drone  
  15  0:47  Drone  
  17  1:08  Hatchery  
  16  1:11  Drone  
  17  1:26  Extractor  
  17  1:27  Zergling x4  
  17  1:28  Zergling x2  
  17  1:31  Queen  
  21  1:43  Overlord  
  21  1:52  Drone  
  22  2:03  Drone  
  22  2:07  Queen  
  25  2:12  Drone  
  26  2:22  Drone x2, Queen  
  29  2:38  Drone  
  29  2:41  Drone  
  29  2:42  Drone x3  
  33  2:47  Metabolic Boost  
  32  3:00  Hatchery  
  31  3:06  Zergling x6  
  31  3:12  Zergling x4  
  36  3:30  Overlord  
  36  3:45  Overlord x2  
  36  3:50  Drone x8  
  43  4:04  Drone x5  
  43  4:05  Queen  
  50  4:13  Overlord  
  50  4:16  Unknown  
  49  4:20  Zergling x4  
  49  4:21  Zergling x6  
  50  4:39  Drone x5  
  50  4:45  Spore Crawler, Overlord  
  53  4:48  Overlord  
  53  4:53  Roach Warren  
  53  4:55  Drone x4, Overlord  
  56  5:02  Spore Crawler  
  56  5:03  Spore Crawler  
  54  5:15  Drone x5  
  54  5:16  Drone  
  54  5:17  Drone x3  
  63  5:24  Overlord x2  
  62  5:35  Roach x5  
  68  5:45  Roach x2  
  72  5:53  Zergling x18  
  72  5:56  Queen  
  82  6:02  Queen  
  83  6:04  Queen  
  84  6:12  Ravager x2  
  84  6:13  Ravager x4  
  90  6:19  Zergling x14  
  95  6:39  Zergling x14  
  98  6:40  Overlord x3  
  96  6:48  Spore Crawler  
  82  7:06  Drone x8  
  73  7:17  Roach x4  
  77  7:26  Roach x8  
  91  7:39  Queen  
  91  7:40  Queen  
  91  7:41  Extractor  
  91  7:43  Extractor  
  93  7:49  Ravager x3  
  96  7:51  Hatchery  
  96  7:53  Lair  
  96  7:57  Zergling x14  
  101  8:05  Ravager  
  101  8:06  Ravager x5  
  101  8:10  Spore Crawler  
  106  8:15  Queen x2  
  109  8:32  Zergling x2  
  109  8:33  Zergling x16  
  100  8:44  Roach  
  102  8:51  Queen x2  
  102  8:53  Glial Reconstitution  
  102  8:55  Hydralisk Den  
  81  9:27  Queen x2  
  81  9:29  Hydralisk x15  
  81  9:31  Zergling x2  
  105  9:40  Drone x2  
  107  9:50  Muscular Augments  
  107  9:57  Zergling x12  
  113  10:01  Extractor  
  113  10:05  Hydralisk x4  
  120  10:13  Drone x7  
  124  10:31  Evolution Chamber  
  122  10:37  Hydralisk x2  
  122  10:38  Zergling x2  
  122  10:39  Overlord  
  122  10:40  Overlord x3  
  126  11:00  Hydralisk x8  
  126  11:01  Zergling x16  
  134  11:14  Zerg Missile Weapons Level 1  
  130  11:25  Spore Crawler, Extractor  
  124  11:27  Hatchery, Hydralisk x4  
  128  11:37  Hatchery  
  99  11:56  Hydralisk x6  
  99  11:57  Zergling x16  
  104  12:11  Drone x3  
  104  12:12  Drone x4  
  104  12:13  Hydralisk x2  
  112  12:33  Hydralisk  
  112  12:34  Hydralisk x6  
  123  13:02  Hydralisk  
  123  13:03  Hydralisk x7  
  105  13:22  Hydralisk x5  
  105  13:25  Zergling x14  
  105  13:26  Zergling x22  
  124  13:41  Drone x12  
  136  13:47  Zerg Missile Weapons Level 2  
  136  13:52  Infestation Pit  
  135  14:00  Roach x7  
  128  14:20  Spore Crawler  
  127  14:26  Hydralisk x9  
  145  14:43  Hive, Extractor  
  145  14:44  Zergling x8  
  145  14:45  Zergling x20, Overlord  
  158  14:46  Overlord  
  158  14:48  Extractor x2  
  156  15:02  Zergling x4  
  158  15:09  Overlord  
  156  15:15  Baneling Nest  
  138  15:35  Evolution Chamber  
  138  15:38  Hydralisk x16  
  135  15:57  Overseer, Hydralisk  
  135  15:58  Hydralisk x3  
  135  16:01  Zergling x36  
  148  16:18  Hydralisk x6  
  158  16:30  Viper  
  159  16:40  Zerg Ground Armor Level 1  
  159  16:49  Viper, Overseer  
  162  16:56  Zergling x24  
  162  16:58  Overlord  
  174  17:01  Hatchery  
  174  17:03  Zerg Melee Weapons Level 1  
  160  17:20  Centrifugal Hooks  
  155  17:34  Drone x3  
  158  17:38  Hydralisk x11  
  148  18:32  Hydralisk x16  
  148  18:33  Hydralisk x5  
  176  18:43  Ultralisk Cavern  
  176  18:47  Overseer  
  175  18:56  Baneling x10  
  175  18:59  Zergling x2  
  175  19:00  Zergling x2  
  146  19:25  Hydralisk x13  
  167  19:41  Ultralisk  
  171  19:48  Baneling x3  
  171  19:49  Baneling  
  159  20:08  Ultralisk x2  
  159  20:10  Drone x3  
  173  20:20  Zergling x16  
  180  20:22  Hatchery, Overlord x3  
  179  20:31  Overseer  
  186  20:57  Ultralisk x5  
  186  21:12  Zerg Ground Armor Level 2  
  186  21:14  Chitinous Plating  
  186  21:22  Baneling x2  
  186  21:32  Grooved Spines  
  186  21:39  Spire  
  184  21:49  Zergling x22  
  184  21:50  Zergling x10  
  138  22:30  Hydralisk x2  
  138  22:31  Hydralisk x17  
  138  22:38  Hydralisk  
  138  22:39  Zergling x14  
  134  23:02  Hydralisk x7  
  134  23:03  Zergling x16  
  145  23:27  Zergling x38  
  141  23:28  Zergling x2  
  160  23:34  Overseer x2  
  160  23:46  Baneling  
  160  23:47  Baneling x7  
  159  23:49  Baneling x2  
  159  23:51  Hatchery  
  156  23:56  Baneling  
  156  23:57  Baneling x4  
  147  24:23  Overlord x2  
Tags
 
Add a new tag
Caveats
  • Supply blocks, unpowered buildings, or Contaminate may cause inaccurate times.
  • Supply counts are checked every 10 seconds.